 Dungeon Sprint DCSS version 0.22.1-2-g9c5b331 (webtiles) character file.

4156 diana the Stickfighter (level 10, -4/94 HPs)
             Began as a Formicid Fighter on Nov 27, 2018.
             Was a High Priest of Okawaru.
             Slain by a catoblepas (10 damage)
             ... in the Dungeon (Sprint IX: "|||||||||||||||||||||||||||||").
             The game lasted 00:04:37 (1360 turns).

diana the Stickfighter (Formicid Fighter)           Turns: 1360, Time: 00:04:38

Health: -4/94      AC: 16    Str: 25    XL:     10   Next: 52%
Magic:  13/14      EV:  2    Int:  7    God:    Okawaru [*****.]
Gold:   0          SH:  0    Dex: 10    Spells: 9/9 levels left

rFire    . . .     SeeInvis +   p - +4 quarterstaff (speed)
rCold    . . .     Gourm    .   c - +0 shield
rNeg     + + +     Faith    .   q - +1 chain mail
rPois    ∞         Spirit   .   (helmet unavailable)
rElec    .         Reflect  .   (no cloak)
rCorr    .         Harm     .   (no gloves)
MR       +....                  t - +0 pair of boots
Stlth    ..........             (no amulet)
HPRegen  0.25/turn              r - +2 ring of evasion
MPRegen  0.14/turn              s - +2 ring of protection

@: petrified, heroism
A: permanent stasis, dig shafts and tunnels, four strong arms, antennae 3
a: Dig, Heroism, Finesse, Renounce Religion


You were in the Dungeon.
You worshipped Okawaru.
Okawaru was extremely pleased with you.
You were very hungry.

You visited 1 branch

Inventory:

Hand Weapons
 p - a +4 quarterstaff of speed (weapon)
Armour
 b - a +2 ring mail of poison resistance
 c - a +0 shield (worn)
 q - a +1 chain mail (worn)
 t - a +0 pair of boots (worn)
Jewellery
 r - a +2 ring of evasion (left hand)
 s - a +2 ring of protection (right hand)
Wands
 o - a wand of acid (8)
Scrolls
 k - 3 scrolls of blinking
 m - 4 scrolls of remove curse
 n - 2 scrolls of amnesia
 u - 2 scrolls of enchant armour
 v - 2 scrolls of fear
Potions
 a - a potion of agility
 d - a potion of might
 e - 7 potions of curing
 g - 5 potions of heal wounds
 h - 2 potions of haste
 i - 4 potions of magic
 j - a potion of berserk rage
 l - a potion of invisibility
Comestibles
 f - a ration


   Skills:
 + Level 14.2(19.2) Fighting
 - Level 16.4(21.4) Staves
 + Level 6.2(11.2) Armour
 + Level 4.1(9.1) Dodging
 + Level 6.8(11.8) Shields
 + Level 5.5 Invocations


You had 9 spell levels left.
You didn't know any spells.
Your spell library was empty.

Dungeon Overview and Level Annotations

Branches:
Dungeon (1/1)

Altars:
Cheibriados
Dithmenos
Elyvilon
Fedhas
Gozag
Hepliaklqana
Kikubaaqudgha
Makhleb
Nemelex Xobeh
Okawaru
Qazlal
Ru
Sif Muna
Trog
Uskayaw
Vehumet
Wu Jian
Xom
Yredelemnul
Zin
The Shining One
Beogh
Jiyva
Lugonu


Innate Abilities, Weirdness & Mutations

You cannot be hasted, slowed, berserked, paralysed or teleported.
You can dig through walls and to a lower floor.
Your four strong arms can wield two-handed weapons with a shield.
You have a pair of large antennae on your head. (SInv)


Message History

You gain the combat prowess of a mighty hero.
You are engulfed in calcifying dust.
Your limbs have turned to stone.
The catoblepas gores you!
* * * LOW HITPOINT WARNING * * *
The catoblepas breathes a plume of calcifying dust at you.
The blast of calcifying dust hits you!
You have turned to stone.
You are engulfed in calcifying dust.
The catoblepas gores you!
* * * LOW HITPOINT WARNING * * *
You are engulfed in calcifying dust.
The catoblepas breathes a plume of calcifying dust at you.
The blast of calcifying dust hits you!
The catoblepas breathes a plume of calcifying dust at you.
The blast of calcifying dust hits you!
You are engulfed in calcifying dust.
The catoblepas breathes a plume of calcifying dust at you.
The blast of calcifying dust hits you!
You are engulfed in calcifying dust.
The catoblepas gores you!
* * * LOW HITPOINT WARNING * * *
You are engulfed in calcifying dust.
The catoblepas gores you!!
You die... { {{{{{ {{{{{{{{{{{{ {{{{{{{{{{{{ ▓▓▓▓▓▓▓▓▓▓▓▓▓▓▓▓▓▓▓▓▓▓▓▓ {{{{{

{{....lSY@§§.§§....†.....[
▓▓▓▓▓▓▓▓▓▓▓▓▓▓▓▓▓▓▓▓▓▓▓▓▓▓▓▓▓▓▓▓▓
.................................
▓▓▓▓▓▓▓▓▓▓▓▓▓▓▓▓▓▓▓▓▓▓▓▓▓▓▓▓▓▓▓▓▓
..)|..'________________________'.
▓▓▓▓▓▓▓▓▓▓▓▓▓▓▓▓▓▓▓▓▓▓▓▓▓▓▓▓▓▓▓▓▓


You could see a catoblepas, a komodo dragon and a water moccasin.

Vanquished Creatures
  A hydra (D)
  A slime creature (D)
  An elephant (D)
  2 spiny frogs (D)
  A rime drake (D)
  2 hippogriffs (D)
  2 yaks (D)
  A basilisk (D)
  A hungry ghost (D)
  3 water moccasins (D)
  A porcupine (D)
  An orc warrior (D)
  2 crocodiles (D)
  A big kobold (D)
  2 bullfrogs (D)
  A scorpion (D)
  A jelly (D)
  2 worker ants (D)
  A shadow imp (D)
  A dart slug (D)
  An orc (D)
  A bat skeleton (D)
  A bat zombie (D)
  2 giant cockroaches (D)
  A hobgoblin (D)
  A bat (D)
  A kobold (D)
36 creatures vanquished.

Notes
Turn   | Place    | Note
-------+----------+-------------------------------------------
     0 | D        | diana the Formicid Fighter began the quest for the Orb.
     0 | D        | Reached XP level 1. HP: 18/18 MP: 1/1
    14 | D        | Reached skill level 3 in Staves
    20 | D        | Reached XP level 2. HP: 24/25 MP: 2/2
    48 | D        | Reached skill level 5 in Fighting
    48 | D        | Reached skill level 5 in Staves
    48 | D        | Reached XP level 3. HP: 21/33 MP: 3/3
    52 | D        | Reached skill level 6 in Staves
    52 | D        | Reached XP level 4. HP: 23/40 MP: 4/4
    55 | D        | Reached skill level 7 in Staves
   224 | D        | Found a roughly hewn altar of Beogh.
   224 | D        | Found a snail-covered altar of Cheibriados.
   224 | D        | Found a shadowy altar of Dithmenos.
   224 | D        | Found a white marble altar of Elyvilon.
   224 | D        | Found a blossoming altar of Fedhas.
   224 | D        | Found an opulent altar of Gozag.
   225 | D        | Found a hazy altar of Hepliaklqana.
   226 | D        | Found a viscous altar of Jiyva.
   227 | D        | Found an ancient bone altar of Kikubaaqudgha.
   228 | D        | Found a corrupted altar of Lugonu.
   229 | D        | Found a burning altar of Makhleb.
   230 | D        | Found a sparkling altar of Nemelex Xobeh.
   231 | D        | Found an iron altar of Okawaru.
   232 | D        | Found a stormy altar of Qazlal.
   233 | D        | Found a sacrificial altar of Ru.
   234 | D        | Found a deep blue altar of Sif Muna.
   235 | D        | Found a bloodstained altar of Trog.
   236 | D        | Found a hide-covered altar of Uskayaw.
   237 | D        | Found a radiant altar of Vehumet.
   238 | D        | Found an ornate altar of the Wu Jian Council.
   239 | D        | Found a shimmering altar of Xom.
   240 | D        | Found a basalt altar of Yredelemnul.
   241 | D        | Found a glowing silver altar of Zin.
   242 | D        | Found a glowing golden altar of the Shining One.
   293 | D        | Became a worshipper of Warmaster Okawaru
   333 | D        | Noticed a bullfrog
   333 | D        | Noticed an orc warrior
   333 | D        | Noticed a big kobold
   344 | D        | Killed a big kobold
   344 | D        | Reached skill level 8 in Staves
   344 | D        | Reached XP level 5. HP: 45/48 MP: 5/5
   350 | D        | Killed an orc warrior
   350 | D        | Reached * piety under Okawaru
   350 | D        | Reached skill level 10 in Staves
   350 | D        | Reached XP level 6. HP: 54/57 MP: 6/6
   368 | D        | Reached skill level 11 in Staves
   368 | D        | Reached XP level 7. HP: 63/64 MP: 7/7
   376 | D        | Noticed a hungry ghost
   376 | D        | Noticed a slime creature
   376 | D        | Noticed a slime creature
   376 | D        | Noticed a yak
   385 | D        | Killed a yak
   385 | D        | Reached skill level 10 in Fighting
   385 | D        | Reached skill level 12 in Staves
   403 | D        | Killed a large slime creature
   403 | D        | Reached ** piety under Okawaru
   403 | D        | Reached skill level 13 in Staves
   403 | D        | Reached XP level 8. HP: 21/75 MP: 8/8
   417 | D        | Reached skill level 14 in Staves
   803 | D        | Noticed a spiny frog
   807 | D        | Noticed a spiny frog
   810 | D        | Reached *** piety under Okawaru
   818 | D        | Killed a spiny frog
   818 | D        | Reached skill level 15 in Staves
   818 | D        | Reached XP level 9. HP: 76/83 MP: 9/9
   821 | D        | Noticed a hippogriff
   823 | D        | Reached **** piety under Okawaru
   831 | D        | Killed a spiny frog
   831 | D        | Reached skill level 16 in Staves
   841 | D        | Killed a hippogriff
  1022 | D        | Noticed a rime drake
  1022 | D        | Noticed an elephant
  1022 | D        | Noticed a hippogriff
  1023 | D        | Noticed an eight-headed hydra
  1027 | D        | Reached skill level 1 in Invocations
  1032 | D        | Killed a hippogriff
  1032 | D        | Reached skill level 1 in Dodging
  1043 | D        | Killed an elephant
  1043 | D        | Reached ***** piety under Okawaru
  1043 | D        | Reached skill level 5 in Shields
  1043 | D        | Reached XP level 10. HP: 71/93 MP: 9/12
  1049 | D        | Killed a rime drake
  1049 | D        | Reached skill level 5 in Armour
  1054 | D        | Killed an eight-headed hydra
  1054 | D        | Reached skill level 5 in Invocations
  1057 | D        | Noticed a catoblepas
  1311 | D        | Noticed a komodo dragon
  1360 | D        | Slain by a catoblepas

Skill      XL: |  1  2  3  4  5  6  7  8  9 10 |
---------------+-------------------------------+-----
Staves         | 3 5 6 8 10 11 13 15 16 | 16.4
Fighting       | 4 5 7 8 9 11 12 13 14 | 14.2
Invocations    | 3 5 |  5.5
Armour         | 4 6 |  6.2
Dodging        | 2 4 |  4.1
Shields        | 5 6 |  6.8

Action                   |  1- 3 |  4- 6 |  7- 9 | 10-12 || total
-------------------------+-------+-------+-------+-------++-------
Melee: Quarterstaff      |    25 |    38 |    94 |    17 ||   174
Invok: Heroism           |       |       |       |     1 ||     1
Evoke: Wand              |       |       |       |     2 ||     2
 Stab: Petrified         |       |       |       |     2 ||     2
  Eat: Chunk             |       |       |     2 |       ||     2
Armor: Scale mail        |    10 |       |       |       ||    10
       Chain mail        |       |     8 |    10 |    12 ||    30
Dodge: Dodged            |     5 |     6 |    11 |     7 ||    29
Block: Shield            |    10 |     9 |    14 |     5 ||    38
